 Dungeon Crawl Stone Soup version 0.19.0-2-gae57169 (webtiles) character file.

104 Pepeogr the Ruffian (level 4, -8/37 HPs)
             Began as a Draconian Transmuter on Nov 6, 2016.
             Mangled by an ogre
             ... wielding a +0 giant club
              (14 damage)
             ... on level 3 of the Dungeon.
             The game lasted 00:14:14 (3008 turns).

Pepeogr the Ruffian (Draconian Transmuter)          Turns: 3008, Time: 00:14:15

Health: -8/37      AC:  5    Str: 13    XL:     4   Next: 52%
Magic:  7/7        EV: 12    Int: 14    God:
Gold:   209        SH:  0    Dex: 11    Spells: 1 memorised, 6 levels left

rFire  . . .     SeeInvis .     g - +0 short sword
rCold  . . .     Gourm    .     (armour unavailable)
rNeg   . . .     Faith    .     (no shield)
rPois  .         Spirit   .     (helmet restricted)
rElec  .         Reflect  .     (no cloak)
rCorr  .         Harm     .     (no gloves)
MR     .....                    (no boots)
Stlth  +.........               (no amulet)
                                (no ring)
                                (no ring)

@: lethally poisoned (-8 -> -19), flying
A: unfitting armour, big wings, slow regeneration 1, wild magic 1, cold-blooded,
AC +5
a: Stop Flying


You were on level 3 of the Dungeon.
You were not hungry.

You visited 1 branch of the dungeon, and saw 4 of its levels.

You collected 209 gold pieces.

Inventory:

Hand Weapons
 e - a +0 club
 g - a +0 short sword (weapon)
 j - a cursed -3 spear
Missiles
 a - 51 arrows
Wands
 q - a wand of enslavement (6/24)
Scrolls
 d - 3 scrolls of identify
 i - a scroll of recharging {unknown}
 l - a scroll of enchant weapon {unknown}
 n - a scroll of fear {unknown}
 o - a scroll of amnesia {unknown}
 r - a scroll of magic mapping
 s - a scroll of noise {unknown}
 u - a scroll of immolation {unknown}
Potions
 m - a potion of agility {unknown}
 p - a potion of might {unknown}
 t - a potion of heal wounds {unknown}
Books
 b - a book of Changes

   Spells                             Type                      Level
   a - Beastly Appendage              Transmutation                1
   b - Sticks to Snakes               Transmutation                2
   c - Spider Form                    Transmutation/Poison         3
   d - Ice Form                       Ice/Transmutation            4
   e - Blade Hands                    Transmutation                5
Comestibles
 c - 2 bread rations
 f - a slice of pizza
 h - a meat ration
 k - a beef jerky


   Skills:
 * Level 2.5 Fighting
 - Level 1.2 Short Blades
 * Level 0.8 Polearms
 + Level 2.4 Dodging
 + Level 0.4 Stealth
 - Level 3.0 Unarmed Combat
 + Level 2.1 Spellcasting
 * Level 3.0 Transmutations


You had 6 spell levels left.
You knew the following spells:

 Your Spells              Type           Power        Failure   Level  Hunger
a - Beastly Appendage     Tmut           ##....       14%         1    ##.....


Dungeon Overview and Level Annotations

Branches:
Dungeon (4/15)
 Temple: D:4-7

Altars:


Innate Abilities, Weirdness & Mutations

Your plain brown scales are hard. (AC +5)
You cannot fit into any form of body armour.
You are cold-blooded and may be slowed by cold attacks.
Your large and strong wings let you fly indefinitely.
You regenerate slowly when monsters are visible.
Your spells are a little harder to cast, but a little more powerful.


Message History

The adder poisons you! The ogre hits you with a giant club!!
Ouch! That really hurt!
You feel sick. The adder barely misses you. The ogre barely misses you.
You fly upwards.
You feel sick.
There is a stone staircase leading down here.
You hit the adder.
The adder is heavily wounded.
The adder bites you.
* * * LOW HITPOINT WARNING * * *
You are lethally poisoned!
The adder poisons you! The adder bites you.
* * * LOW HITPOINT WARNING * * *
Zapping:
q - a wand of enslavement {zapped: 2} (will waste charges)
Press: ? - help, Shift-Dir - straight line, f - ogre
Aim: an ogre, wielding a giant club (chance to defeat MR: 46%)
The ogre resists with some effort.
Evoking this partially-identified wand wasted a few charges.
* * * LOW HITPOINT WARNING * * *
You feel sick. The ogre hits you with a giant club!
You die...

.....#...................######..
.................#.####### ##..
.....#..............## ##..#
.....................#### ##..##
...............#####....## #..##
##................#####..###.##
#####...########..# ##.....#
##.....######.## ##....####
###......O@#..####..##.....
###..###S..(....(########
##..######...##########
######.### ##<.[.........
##........#####............
##.......#..................
#.........###..#............
#.........###...............
#........)....#.............


You could see an ogre and an adder.

Vanquished Creatures
  4 adders
  An ooze (D:1)
  2 worms
  3 dart slugs
  A leopard gecko (D:3)
  3 ball pythons
  5 bats
  2 giant cockroaches
  4 goblins
  7 hobgoblins
  4 frilled lizards
  8 kobolds
  7 rats
51 creatures vanquished.

Vanquished Creatures (collateral kills)
  A goblin (D:3)
1 creature vanquished.

Grand Total: 52 creatures vanquished

Notes
Turn   | Place    | Note
-------+----------+-------------------------------------------
     0 | D:1      | Pepeogr the Draconian Transmuter began the quest for the Orb.
     0 | D:1      | Reached XP level 1. HP: 16/16 MP: 3/3
    22 | D:1      | Reached XP level 2. HP: 17/23 MP: 5/5
   540 | D:1      | Reached XP level 3. HP: 25/28 MP: 6/6
   622 | D:1      | Reached skill level 1 in Short Blades
   999 | D:2      | Gained mutation: Your large and strong wings let you fly indefinitely. [potion of mutation]
   999 | D:2      | Gained mutation: You regenerate slowly when monsters are visible. [potion of mutation]
   999 | D:2      | Gained mutation: Your spells are a little harder to cast, but a little more powerful. [potion of mutation]
  2054 | D:3      | Reached XP level 4. HP: 25/36 MP: 7/7
  2942 | D:4      | Noticed an ogre
  3008 | D:3      | Mangled by an ogre

Skill      XL: |  1  2  3 |
---------------+----------+-----
Dodging        | 2 |  2.4
Short Blades   | 1 |  1.2
Transmutations | 3 |  3.0
Fighting       | 2 |  2.5
Polearms       | |  0.8
Stealth        | |  0.4
Unarmed Combat | |  3.0
Spellcasting   | |  2.1

Action                   |  1- 3 |  4- 6 || total
-------------------------+-------+-------++-------
Melee: Unarmed           |    19 |       ||    19
       Kick              |     2 |       ||     2
       Tailslap          |    25 |     3 ||    28
       Punch             |     4 |       ||     4
       Short sword       |   149 |    40 ||   189
       Club              |    19 |       ||    19
 Cast: Beastly Appendage |     1 |       ||     1
 Abil: Fly               |     1 |       ||     1
Evoke: Wand              |       |     2 ||     2
  Use: Potion            |     2 |     1 ||     3
       Scroll            |     3 |       ||     3
  Eat: Bread ration      |     1 |     1 ||     2
Armor: Skin              |    83 |    16 ||    99
Dodge: Dodged            |   139 |    28 ||   167
